 Dungeon Crawl Stone Soup version 0.23.2-30-g0e89c35649 (webtiles) character file.

Game seed: 13986558688702609572

168 Hebeh the Conjurer (level 5, -2/28 HPs)
             Began as a Deep Elf Conjurer on June 25, 2019.
             Killed from afar by an orc wizard (4 damage)
             ... with a magic dart
             ... on level 3 of the Dungeon.
             The game lasted 00:15:52 (2678 turns).

Hebeh the Conjurer (Deep Elf Conjurer)              Turns: 2678, Time: 00:15:53

Health: -2/28      AC:  3    Str:  5    XL:     5   Next: 23%
Magic:  1/14       EV: 13    Int: 21    God:
Gold:   115        SH:  0    Dex: 15    Spells: 12/13 levels left

rFire    . . .     SeeInvis .   b - +0 hunting sling
rCold    . . .     Gourm    .   (no shield)
rNeg     . . .     Faith    .   q - +0 robe
rPois    .         Spirit   .   k - +0 helmet
rElec    .         Reflect  .   (no cloak)
rCorr    .         Harm     .   (no gloves)
MR       .....                  (no boots)
Stlth    ++........             (no amulet)
HPRegen  0.09/turn              (no ring)
MPRegen  0.14/turn              (no ring)

@: no status effects
A: no striking features
a: no special abilities


You were on level 3 of the Dungeon.
You were not hungry.

You visited 1 branch of the dungeon, and saw 3 of its levels.

You collected 115 gold pieces.

Inventory:

Hand Weapons
 a - a +0 short sword of electrocution
 b - a +0 hunting sling (weapon)
 e - a +0 dagger
 j - a +0 whip
 m - a +0 whip
 s - a +0 short sword
 w - a +2 dagger of venom
 x - a +3 whip
Missiles
 p - 2 tomahawks
 t - 56 stones
 v - 34 arrows
 E - 62 sling bullets (quivered)
Armour
 f - a +0 robe
 k - a +0 helmet (worn)
 q - a +0 robe (worn)
 G - a +0 robe
Jewellery
 y - an uncursed amulet of harm
Wands
 B - a wand of disintegration (8)
Scrolls
 d - 3 scrolls of remove curse {unknown}
 g - 2 scrolls of teleportation {unknown}
 l - 2 scrolls of amnesia {unknown}
 o - a scroll of magic mapping {unknown}
 z - 2 scrolls of blinking {unknown}
 A - a scroll of identify {unknown}
 C - 3 scrolls of immolation {unknown}
 D - a scroll of enchant armour {unknown}
 F - 2 scrolls of noise {unknown}
Potions
 i - 4 potions of curing {unknown}
 n - 2 potions of heal wounds {unknown}
 r - 2 potions of lignification {unknown}
 u - a potion of agility {unknown}
Comestibles
 c - 4 rations


   Skills:
 - Level 2.4 Dodging
 - Level 2.4 Stealth
 + Level 4.8 Spellcasting
 * Level 6.4 Conjurations


You had 12 spell levels left.
You knew the following spells:

 Your Spells              Type           Power        Failure   Level  Hunger
a - Magic Dart            Conj           ####         1%          1    None

Your spell library contained the following spells:

 Spells                   Type           Power        Failure   Level  Hunger
 Searing Ray              Conj           ####..       1%          2    None
 Iskenderun's Mystic Bla  Conj           ####....     8%          4    ####...
 Dazzling Spray           Conj/Hex       ###...       9%          3    ##.....
 Stone Arrow              Conj/Erth      ###...       9%          3    ##.....
 Confusing Touch          Hex            #.....       11%         1    None
 Corpse Rot               Necr           N/A          17%         2    None
 Force Lance              Conj/Tloc      ###.....     28%         4    ####...
 Fulminant Prism          Conj/Hex       ###.......   28%         4    ####...
 Confuse                  Hex            #.......     32%         3    ##.....
 Gell's Gravitas          Tloc           #.........   32%         3    ##.....
 Leda's Liquefaction      Hex/Erth       #.........   73%         4    ####...
 Petrify                  Tmut/Erth      #.......     73%         4    ####...
 Metabolic Englaciation   Hex/Ice        #.........   97%         5    #####..
 Summon Forest            Summ/Tloc      #.........   97%         5    #####..
 Yara's Violent Unravell  Hex/Tmut       #.........   97%         5    #####..
 Hydra Form               Tmut           #.........   100%        6    #######
 Summon Hydra             Summ           #.........   100%        7    #######


Dungeon Overview and Level Annotations

Branches:
Dungeon (3/15)

Altars:
Dithmenos


Message History

Aim: an orc wizard, wielding a +0 dagger and wearing a +0 robe (severely wounded)
The magic dart hits the orc wizard.
The orc wizard is severely wounded.
The orc wizard gestures wildly while chanting.
The orc wizard blinks!
Casting: Magic Dart (safe; 1% risk of failure)
Confirm with . or Enter, or press ? or * to list all spells.
Aiming: Magic Dart (safe; 1% risk of failure)
Press: ? - help, Shift-Dir - straight line, f/p - orc wizard
Aim: an orc wizard, wielding a +0 dagger and wearing a +0 robe (severely wounded)
The magic dart hits the hobgoblin.
You kill the hobgoblin!
Casting: Magic Dart (safe; 1% risk of failure)
Confirm with . or Enter, or press ? or * to list all spells.
You don't have enough magic to cast that spell.
The orc wizard mumbles some strange words.
The orc wizard blinks!
The orc wizard gestures at you while chanting.
The magic dart hits you.
You die...

........##.# ### ##.##.#.#
..########.### ##...###.##.#.#
..# #...# ##.....##......# ....
###.# #.......####.### ..#. #.#
##.#._.#.## #.# ..# #.#
#..##.##..# #.# #.# #...###...#
#.# ######.#####........###.#
..# #.#...†...o.@.............#
........####)######.#.###.#####
....#...####.# #.......#
..#..........# #########
$...#....###.# .......o.# #§#
.........# #.# .....<.# .##
....####


You could see an orc wizard.

Vanquished Creatures
  An orc priest (D:3)
  7 adders
  A worm (D:2)
  A dart slug (D:2)
  2 leopard geckos
  An orc (D:3)
  A giant cockroach (D:1)
  11 goblins
  9 hobgoblins
  8 jackals (D:2)
  6 bats
  7 frilled lizards
  9 kobolds
  6 rats
70 creatures vanquished.

Notes
Turn   | Place    | Note
-------+----------+-------------------------------------------
     0 | D:1      | Hebeh the Deep Elf Conjurer began the quest for the Orb.
     0 | D:1      | Reached XP level 1. HP: 10/10 MP: 6/6
   228 | D:1      | Reached XP level 2. HP: 15/15 MP: 6/8
   677 | D:1      | Reached skill level 5 in Conjurations
   956 | D:2      | Reached XP level 3. HP: 19/19 MP: 3/10
  1366 | D:2      | Reached XP level 4. HP: 24/24 MP: 10/12
  2281 | D:3      | Reached skill level 6 in Conjurations
  2631 | D:3      | Found a shadowy altar of Dithmenos.
  2664 | D:3      | Reached XP level 5. HP: 15/28 MP: 9/13
  2670 | D:3      | HP: 1/28 [orc wizard/+0 dagger (4)]
  2678 | D:3      | Killed from afar by an orc wizard

Skill      XL: |  1  2  3  4 |
---------------+-------------+-----
Conjurations   | 5 6 |  6.4
Spellcasting   | 4 |  4.8
Dodging        | |  2.4
Stealth        | |  2.4

Action                   |  1- 3 |  4- 6 || total
-------------------------+-------+-------++-------
 Fire: Hunting sling     |       |     6 ||     6
 Cast: Magic Dart        |    63 |    65 ||   128
  Eat: Chunk             |     1 |     4 ||     5
Armor: Robe              |       |     1 ||     1
Dodge: Dodged            |     3 |    10 ||    13
